 Dungeon Crawl Stone Soup version 0.22.1-2-g9c5b331383 (webtiles) character file.

2438 LLavrengius the Grappler (level 9, -3/63 HPs)
             Began as an Octopode Fighter on Nov 15, 2018.
             Was a Follower of Sif Muna.
             Killed from afar by Dowan (12 damage)
             ... with a puff of flame
             ... on level 7 of the Dungeon.
             The game lasted 00:26:20 (5229 turns).

LLavrengius the Grappler (Octopode Fighter)         Turns: 5229, Time: 00:26:21

Health: -3/63      AC:  1    Str: 15    XL:     9   Next: 49%
Magic:  15/15      EV: 12    Int: 13    God:    Sif Muna [*.....]
Gold:   330        SH: 10    Dex: 12    Spells: 16/16 levels left

rFire    . . .     SeeInvis .     - Unarmed
rCold    . . .     Gourm    .   a - +0 shield
rNeg     . . .     Faith    .   (helmet restricted)
rPois    .         Spirit   .   e - amulet of regeneration
rElec    .         Reflect  .   (no ring)
rCorr    .         Harm     .   r - ring of wizardry
MR       .....                  (no ring)
Stlth    +++.......             (no ring)
HPRegen  0.60/turn              (no ring)
MPRegen  0.14/turn              (no ring)
                                (no ring)
                                (no ring)

@: lethally poisoned (-3 -> -6)
A: almost no armour, stealthy swim, amphibious, 8 rings, constrict 8, camouflage
1, gelatinous body 1
a: Divine Energy, Renounce Religion


You were on level 7 of the Dungeon.
You worshipped Sif Muna.
Sif Muna was aware of your devotion.
You were not hungry.

You visited 2 branches of the dungeon, and saw 8 of its levels.

You collected 330 gold pieces.

Inventory:

Hand Weapons
 u - the +3 trident of the Coward {speed, rN+}
   (You found it on level 6 of the Dungeon)

   Attacks with this weapon are significantly faster.
   It protects you from negative energy.
Missiles
 l - 9 tomahawks (quivered)
 s - 3 exploding tomahawks
Armour
 a - a +0 shield (worn)
Jewellery
 e - an amulet of regeneration (around mantle)
 r - a ring of wizardry (right tentacle)
Wands
 f - a wand of iceblast (1)
 t - a wand of polymorph (17)
 x - a wand of scattershot (6)
Scrolls
 d - a scroll of immolation {unknown}
 g - 4 scrolls of teleportation
 h - 2 scrolls of identify
 j - 3 scrolls of remove curse
 k - 3 scrolls of enchant armour {unknown}
 p - a scroll of fog {unknown}
 v - a scroll of enchant weapon {unknown}
Potions
 m - 9 potions of curing
 n - a potion of degeneration
 o - 3 potions of flight
 w - a potion of magic {unknown}
Comestibles
 c - 9 rations
 i - a chunk of flesh


   Skills:
 + Level 6.4 Fighting
 - Level 3.0 Dodging
 - Level 3.1 Stealth
 + Level 6.4 Shields
 - Level 8.2 Unarmed Combat
 + Level 4.0 Spellcasting


You had 16 spell levels left.
You didn't know any spells.
Your spell library contained the following spells:

 Spells                   Type           Power        Failure   Level  Hunger
 Corona                   Hex            #......      24%         1    None
 Ensorcelled Hibernation  Hex/Ice        #.....       34%         2    ##.....
 Confuse                  Hex            #.......     56%         3    ###....
 Dazzling Spray           Conj/Hex       #.....       56%         3    ###....
 Tukima's Dance           Hex            #.......     56%         3    ###....


Dungeon Overview and Level Annotations

Branches:
Dungeon (7/15)             Temple (1/1) D:4

Altars:
Ashenzari
Cheibriados
Dithmenos
Fedhas
Gozag
Kikubaaqudgha
Okawaru
Qazlal
Ru
Sif Muna
Trog
Uskayaw
Vehumet
Wu Jian
Yredelemnul
Zin
The Shining One

Annotations:
D:2 2 transporters, Menkaure
D:7 Dowan, Duvessa, Joseph


Innate Abilities, Weirdness & Mutations

You cannot wear most types of armour.
You are very stealthy in the water. (Stealth+)
You are amphibious.
You can wear up to eight rings at the same time.
You can use your tentacles to constrict eight enemies at once.
Your skin changes colour to match your surroundings (Stealth+).
Your rubbery body absorbs attacks. (AC +1, EV +1)


Message History

You constrict Duvessa, but do no damage.
You feel sick.
Duvessa zaps a wand.
The puff of flame hits you!
You tentacle-slap Duvessa.
Duvessa is almost dead.
You constrict Duvessa, but do no damage.
You feel sick. You block Duvessa's attack.
You tentacle-slap Duvessa but do no damage.
Duvessa is almost dead.
You constrict Duvessa.
You feel sick. Duvessa barely misses you.
You tentacle-slap Duvessa but do no damage.
You squeeze Duvessa, but do no damage.
Duvessa is almost dead.
You constrict Duvessa.
You feel sick.
Duvessa hits you with a short sword of venom!
* * * LOW HITPOINT WARNING * * *
You release your grip on Duvessa.
You feel sick. You block Duvessa's attack.
Dowan says, "Magic and the sword, together, will defeat you."
Dowan gestures at you while chanting. The puff of flame hits you!
You die...

###### #....# #### #....#
...################....###
#........................#
#.......................##
#...............(......##
......####.............#
...##...##[.....@......#
..###....#.....e.......#
.## #..........e......##
.####....#............#
###..(.###............#
....######....(.......#
##....(e.).......##...#
aO.##########..#......#
Z.h## ###..###...##


You could see Duvessa and Dowan.

Vanquished Creatures
  Harold (D:7)
  A troll (D:6)
  Sigmund (D:2)
  A water moccasin (D:6)
  A black bear (D:7)
  An ogre (D:7)
  2 centaurs
  2 bullfrogs
  A water moccasin skeleton (D:7)
  A howler monkey (D:5)
  A crimson imp (D:5)
  A bullfrog zombie (D:7)
  3 hounds
  Crazy Yiuf (D:6)
  2 orc priests (D:6)
  A gnoll shaman (D:6)
  3 orc wizards
  Ijyb (D:4)
  2 worker ants
  A worker ant zombie (D:6)
  8 gnolls
  9 adders
  2 oozes
  3 worms
  2 dart slugs
  4 leopard geckos
  16 orcs
  8 giant cockroaches
  6 goblins
  10 hobgoblins
  8 jackals
  5 kobolds
  A quokka (D:4)
  4 ball pythons
  12 bats
  2 frilled lizards
  12 rats
  A fungus (D:6)
141 creatures vanquished.

Notes
Turn   | Place    | Note
-------+----------+-------------------------------------------
     0 | D:1      | LLavrengius the Octopode Fighter began the quest for the
                  | Orb.
     0 | D:1      | Reached XP level 1. HP: 16/16 MP: 1/1
    76 | D:1      | Reached XP level 2. HP: 19/21 MP: 2/2
   233 | D:1      | Reached XP level 3. HP: 26/26 MP: 3/3
   493 | D:2      | Reached skill level 3 in Unarmed Combat
   553 | D:2      | Reached XP level 4. HP: 28/31 MP: 4/4
   762 | D:2      | Noticed Sigmund
   776 | D:2      | Killed Sigmund
   776 | D:2      | Reached skill level 4 in Unarmed Combat
   776 | D:2      | Reached XP level 5. HP: 37/37 MP: 5/5
   776 | D:2      | Reached XP level 6. HP: 43/43 MP: 6/6
   825 | D:2      | Found a stormy altar of Qazlal.
   867 | D:2      | Found a transporter.
   868 | D:2      | Found a basalt altar of Yredelemnul.
   874 | D:2      | Noticed Menkaure
   879 | D:2      | Found a transporter.
   901 | D:2      | Noticed a necrophage
  1068 | D:2      | Found an ancient bone altar of Kikubaaqudgha.
  1828 | D:4      | Found a staircase to the Ecumenical Temple.
  1837 | Temple   | Entered the Ecumenical Temple
  1896 | Temple   | Became a worshipper of Sif Muna the Loreminder
  1919 | D:4      | Reached skill level 5 in Unarmed Combat
  2339 | D:4      | Noticed Ijyb
  2351 | D:4      | Killed Ijyb
  2542 | D:4      | Reached skill level 1 in Stealth
  2542 | D:4      | Reached XP level 7. HP: 41/49 MP: 7/7
  2732 | D:5      | Entered Level 5 of the Dungeon
  3398 | D:5      | Found an ornate altar of the Wu Jian Council.
  3456 | D:5      | Found an ornate altar of the Wu Jian Council.
  3638 | D:6      | Noticed a troll
  3647 | D:5      | Reached skill level 1 in Spellcasting
  4032 | D:6      | Reached skill level 6 in Unarmed Combat
  4055 | D:6      | Reached skill level 5 in Fighting
  4055 | D:6      | Reached skill level 5 in Shields
  4055 | D:6      | Reached XP level 8. HP: 24/55 MP: 10/10
  4145 | D:6      | Found a runed door.
  4149 | D:6      | Noticed Crazy Yiuf
  4155 | D:6      | Paralysed by Crazy Yiuf for 4 turns
  4159 | D:6      | Killed Crazy Yiuf
  4281 | D:6      | Killed a troll
  4569 | D:6      | Reached * piety under Sif Muna
  4591 | D:6      | Got a bloodstained trident
  4592 | D:6      | Identified the +3 trident of the Coward {speed, rN+} (You
                  | found it on level 6 of the Dungeon)
  4665 | D:7      | Reached skill level 7 in Unarmed Combat
  4855 | D:7      | Noticed Joseph
  4881 | D:7      | Noticed Harold
  5008 | D:7      | Killed Harold
  5008 | D:7      | Reached skill level 8 in Unarmed Combat
  5008 | D:7      | Reached XP level 9. HP: 13/62 MP: 12/14
  5022 | D:7      | Noticed Duvessa
  5222 | D:7      | Noticed Dowan
  5229 | D:7      | Killed from afar by Dowan

Skill      XL: |  1  2  3  4  5  6  7  8  9 |
---------------+----------------------------+-----
Unarmed Combat | 3 4 5 6 8 |  8.2
Fighting       | 4 5 6 |  6.4
Shields        | 4 5 6 |  6.4
Stealth        | 1 3 |  3.1
Spellcasting   | 1 3 4 |  4.0
Dodging        | |  3.0

Action                   |  1- 3 |  4- 6 |  7- 9 || total
-------------------------+-------+-------+-------++-------
Melee: Unarmed           |    71 |   135 |   151 ||   357
       Tentacles         |    18 |    23 |    29 ||    70
       Constrict         |    17 |    35 |    36 ||    88
       Punch             |     1 |     4 |     8 ||    13
Throw: Tomahawk          |       |       |     4 ||     4
Evoke: Wand              |       |       |     4 ||     4
  Use: Scroll            |       |       |    10 ||    10
       Potion            |       |       |     6 ||     6
 Stab: Sleeping          |     6 |    10 |     7 ||    23
       Distracted        |       |     1 |       ||     1
  Eat: Chunk             |       |     5 |     9 ||    14
Armor: Skin              |     9 |    11 |     3 ||    23
Dodge: Dodged            |    28 |    65 |    57 ||   150
Block: Shield            |    23 |    64 |    71 ||   158
